AoeStats
← Pab10

Arena

510031078Analyzed
4v4 RM · 4d ago on Sep 29, 2026· 43m 50s· 8 players
Game mode
Random Map
Map size
Large (8 player)
Population
200
Speed
Normal
Resources
Standard
Victory
Conquest
Starting age
Dark Age
Ending age
Imperial Age
RankedLock teamsTeams togetherTeam positionsShared explorationLock speedFull tech treeHidden civsTurbo modeCheats
Victory
Defeat
🇺🇸 Varangians · United States
1479
+14
🇩🇪 Bohemians · Germany
1445
+15
🇲🇽 Gurjaras · Mexico
1436
+16
🇺🇸 Danes · United States
1370
+19
🇦🇷 Mongols · Argentina
1555
-21
🇦🇷 Slavs · Argentina
1446
-17
🇳🇴 Saxons · Norway
1416
-15
🇦🇷 Saracens · Argentina
1309
-11
ShiftyShnike
9:34 Feudal Age
13:57 Castle Age
12:25 Double-Bit Axe
13:25 Horse Collar
19:51 Bow Saw
21:55 Scale Mail Armor
23:03 Wheelbarrow
23:46 Squires
24:09 Gold Mining
24:07 Gambesons
24:51 Arson
25:38 Chain Mail Armor
26:56 Forging
34:35 Imperial Age
32:21 Hand Cart
31:52 Loom
32:27 Hand Cart
34:36 Capped Ram
35:24 Siege Engineers
34:42 Elite Varangian Guard
35:55 Plate Mail Armor
36:01 Iron Casting
35:43 Gothikon
36:50 Conscription
39:24 Blast Furnace
38:44 Siege Ram
41:07 Coinage
41:46 Elite Jarl
42:44 Scale Barding Armor
Treebeard49
10:25 Feudal Age
11:27 Loom
12:18 Double-Bit Axe
14:27 Fletching
15:59 Horse Collar
21:45 Castle Age
23:10 Bodkin Arrow
26:35 Scale Mail Armor
28:59 Forging
30:14 Arson
30:47 Squires
31:54 Wheelbarrow
33:29 Hand Cart
35:16 Chain Mail Armor
38:12 Imperial Age
39:18 Iron Casting
39:28 Conscription
39:04 Stone Mining
39:06 Gold Mining
41:24 Plate Mail Armor
42:44 Bow Saw
42:46 Elite Jomsviking
Facetrollwakfu
10:16 Feudal Age
14:25 Castle Age
12:47 Double-Bit Axe
13:52 Horse Collar
15:54 Bow Saw
18:13 Loom
19:38 Fervor
20:52 Fletching
26:55 Imperial Age
25:33 Sanctity
25:27 Bodkin Arrow
26:00 Ballistics
26:12 Padded Archer Armor
26:16 Elite Skirmisher
27:13 Leather Archer Armor
28:05 Chemistry
29:03 Wheelbarrow
28:40 Bracer
29:34 Conscription
30:54 Ring Archer Armor
34:26 Hand Cart
34:13 Heavy Plow
34:00 Town Watch
34:35 Houfnice
38:04 Two-Man Saw
37:13 Town Patrol
37:30 Siege Engineers
43:53 Wagenburg Tactics
43:13 Elite Hussite Wagon
44:13 Masonry
43:59 Murder Holes
44:14 Fortified Wall
NaaVyii_
10:14 Feudal Age
10:54 Feudal Age
14:41 Castle Age
12:54 Double-Bit Axe
13:28 Horse Collar
16:21 Bow Saw
16:47 Wheelbarrow
18:25 Loom
21:51 Fletching
22:56 Gold Mining
25:08 Bodkin Arrow
25:14 Padded Archer Armor
28:43 Leather Archer Armor
33:58 Imperial Age
31:44 Hand Cart
33:09 Gold Shaft Mining
34:13 Thumb Ring
35:21 Conscription
35:11 Bracer
37:03 Chemistry
36:23 Ballistics
35:46 Elite Skirmisher
36:34 Elite Elephant Archer
36:47 Siege Elephant
38:47 Scale Barding Armor
39:18 Town Watch
39:44 Forging
40:16 Bloodlines
40:06 Husbandry
39:27 Light Cavalry
41:20 Chain Barding Armor
42:18 Iron Casting
43:18 Plate Barding Armor
42:45 Heavy Plow
PNAL | ToroARG
10:07 Feudal Age
10:38 Double-Bit Axe
10:35 Horse Collar
14:31 Gold Mining
19:50 Wheelbarrow
24:03 Stone Mining
32:05 Castle Age
33:06 Bow Saw
34:12 Gold Shaft Mining
34:58 Coinage
43:09 Hand Cart
43:33 Fortified Wall
PNAL | ale_petro
10:59 Feudal Age
15:01 Castle Age
12:49 Double-Bit Axe
13:20 Horse Collar
18:51 Bow Saw
20:59 Wheelbarrow
21:10 Heavy Plow
22:32 Hand Cart
24:06 Loom
29:15 Imperial Age
27:51 Husbandry
28:02 Bloodlines
28:57 Detinets
29:31 Forging
29:27 Scale Barding Armor
29:35 Scale Barding Armor
30:52 Conscription
31:08 Iron Casting
30:54 Chain Barding Armor
34:01 Blast Furnace
33:37 Plate Barding Armor
39:54 Elite Boyar
PNAL | Machete
5:54 Loom
8:13 Feudal Age
13:26 Fletching
15:13 Double-Bit Axe
24:17 Horse Collar
27:58 Castle Age
29:18 Squires
29:20 Scale Mail Armor
29:32 Forging
29:53 Stone Mining
30:37 Guard Tower
30:44 Murder Holes
30:46 Gambesons
31:08 Gold Mining
31:31 Bow Saw
32:52 Chain Mail Armor
33:05 Ballistics
32:28 Treadmill Crane
34:49 Chain Mail Armor
35:15 Iron Casting
34:57 Arson
35:57 Heavy Plow
36:37 Wheelbarrow
Pab10
10:13 Feudal Age
14:17 Castle Age
13:01 Gold Mining
13:02 Double-Bit Axe
14:12 Horse Collar
14:50 Loom
16:30 Bow Saw
17:25 Fletching
19:00 Gold Shaft Mining
18:15 Stone Mining
19:07 Wheelbarrow
20:27 Ballistics
20:55 Bodkin Arrow
25:02 Imperial Age
22:57 Murder Holes
23:16 Padded Archer Armor
24:12 Bloodlines
25:20 Leather Archer Armor
25:17 Thumb Ring
25:19 Husbandry
25:44 Bracer
26:30 Parthian Tactics
27:36 Chemistry
28:57 Conscription
29:08 Herbal Medicine
29:28 Masonry
30:01 Elite Mangudai
31:03 Hand Cart
32:46 Hoardings
33:55 Drill
33:38 Town Watch
34:47 Heavy Scorpion
36:04 Onager
36:59 Nomads
37:05 Nomads
38:13 Siege Onager
Connection lost

Rejoining the realm…

Still unreachable

The connection could not be restored.

Session expired

The server has moved on; the page needs a fresh start.